 Dungeon Crawl Stone Soup version 0.25.1-8-g42b30a86e7 (webtiles) character file.

Game seed: 17852040265524725639

170 MajorAdolf the Cutter (level 5, 0/45 HPs)
             Began as a Naga Wanderer on Dec 21, 2020.
             Slain by a howler monkey (2 damage)
             ... on level 4 of the Dungeon.
             The game lasted 00:05:21 (4582 turns).

MajorAdolf the Cutter (Naga Wanderer)               Turns: 4582, Time: 00:05:22

Health: 0/45       AC:  7    Str: 13    XL:     5   Next: 50%
Magic:  5/5        EV:  6    Int: 15    God:
Gold:   168        SH:  0    Dex: 10    Spells: 4/4 levels left

rFire    . . .     SeeInvis +   e - +0 dagger
rCold    . . .     Gourm    .   (no shield)
rNeg     . . .     Faith    .   d - +2 scale mail
rPois    +         Spirit   .   n - +0 helmet
rElec    .         Reflect  .   (no cloak)
rCorr    .         Harm     .   (no gloves)
MR       .....                  (no barding)
Stlth    +.........             (no amulet)
HPRegen  0.15/turn              a - ring of flight
MPRegen  0.09/turn              (no ring)

@: short of breath, very slow
A: large, see invisible, deformed body, poison resistance, slowness 2, slow
metabolism 1, spit poison 1, AC +1
a: Spit Poison, Evoke Flight


You were on level 4 of the Dungeon.
You were not hungry.

You visited 1 branch of the dungeon, and saw 4 of its levels.

You collected 168 gold pieces.

Inventory:

Hand Weapons
 e - a +0 dagger (weapon)
 u - a +0 war axe
 v - a +0 hand axe
Armour
 d - a +2 scale mail (worn)
 n - a +0 helmet (worn)
Jewellery
 a - a ring of flight (left hand)
 p - an uncursed ring of see invisible
 x - an uncursed ring of fire
Scrolls
 c - 4 scrolls of remove curse {unknown}
 h - 2 scrolls of teleportation {unknown}
 j - 4 scrolls of identify {unknown}
 l - 2 scrolls of amnesia {unknown}
 m - a scroll of magic mapping {unknown}
 o - a scroll of fog {unknown}
 s - 2 scrolls of enchant armour {unknown}
 y - a scroll of immolation {unknown}
Potions
 b - a potion of ambrosia {unknown}
 g - a potion of haste {unknown}
 i - a potion of cancellation {unknown}
 k - a potion of flight {unknown}
 q - a potion of heal wounds {unknown}
 r - a potion of lignification {unknown}
 t - a potion of curing {unknown}
 w - a potion of mutation {unknown}
 z - a potion of degeneration {unknown}
Comestibles
 f - 6 rations


   Skills:
 - Level 2.0 Fighting
 + Level 5.0 Short Blades
 - Level 1.0 Armour
 - Level 3.0 Stealth
   Level 1.0 Summonings
   Level 4.0 Ice Magic


You had 4 spell levels left.
You didn't know any spells.
Your spell library contained the following spells:

 Spells                   Type           Power        Failure   Level  Hunger
 Freeze                   Ice            ##..         26%         1    ##.....
 Foxfire                  Conj/Fire      #...         78%         1    ##.....
 Ozocubu's Armour         Chrm/Ice       #.......     86%         3    ####...
 Ignite Poison            Fire/Tmut/Pois #.......     98%         3    ####...


Dungeon Overview and Level Annotations

Branches:
Dungeon (4/15)
 Temple: D:4-7

Altars:
Elyvilon
Gozag
Nemelex Xobeh
Uskayaw


Innate Abilities, Weirdness & Mutations

You cannot wear boots.
Your serpentine skin is tough. (AC +1)
You have supernaturally acute eyesight. (SInv)
Armour fits poorly on your strangely shaped body.
Your system is resistant to poisons. (rPois)
You cover ground very slowly.
You have a slow metabolism.
You can spit poison.


Message History

You closely miss the orc priest.
The orc priest is heavily wounded.
The howler monkey hits you.
* * * LOW HITPOINT WARNING * * *
The orc hits you but does no damage. The orc priest hits you.
* * * LOW HITPOINT WARNING * * *
Okay, then.
You hit the orc priest but do no damage.
The orc priest is heavily wounded.
You have got your breath back.
The howler monkey hits you but does no damage.
The orc hits you with a +0 short sword.
* * * LOW HITPOINT WARNING * * *
The orc priest hits you.
* * * LOW HITPOINT WARNING * * *
Press: ? - help, Shift-Dir - straight line, f/p - orc priest
Aim: an orc priest, wearing a +0 leather armour (heavily wounded)
The splash of poison misses the orc priest.
You feel slightly more hungry. The howler monkey hits you.
You die...

##### #...#
#.@.#
##ooh#
#####..###
#.....##
##...##
#...#
.$$...†...+
......#...#
.....##...#


You could see a howler monkey, an orc priest and an orc.

Vanquished Creatures
  Jessica (D:3)
  Robin (D:2)
  A howler monkey skeleton (D:2)
  2 adders (D:2)
  2 oozes
  2 worms
  4 dart slugs
  3 leopard geckos
  6 orcs (D:3)
  5 bats (D:1)
  5 giant cockroaches
  13 goblins
  10 hobgoblins
  6 jackals (D:3)
  A ball python (D:1)
  4 frilled lizards
  2 kobolds (D:1)
  2 rats
70 creatures vanquished.

Notes
Turn   | Place    | Note
-------+----------+-------------------------------------------
     0 | D:1      | MajorAdolf the Naga Wanderer began the quest for the Orb.
     0 | D:1      | MajorAdolf set off with the following items: a +0 club, a
                  | +2 scale mail, a +0 dagger, a ration; and the following
                  | spells available to memorise: Freeze, Foxfire, Ozocubu's
                  | Armour, Ignite Poison
     0 | D:1      | Reached XP level 1. HP: 19/19 MP: 1/1
    43 | D:1      | Reached skill level 1 in Short Blades
    49 | D:1      | Reached XP level 2. HP: 14/26 MP: 2/2
   415 | D:1      | Reached skill level 2 in Short Blades
  1094 | D:1      | Reached XP level 3. HP: 24/32 MP: 3/3
  1651 | D:2      | Noticed Robin
  1674 | D:1      | Reached skill level 3 in Short Blades
  2235 | D:1      | Reached XP level 4. HP: 32/39 MP: 4/4
  2325 | D:2      | Killed Robin
  2463 | D:2      | Found a white marble altar of Elyvilon.
  2489 | D:2      | Found a sparkling altar of Nemelex Xobeh.
  2752 | D:2      | Found a hide-covered altar of Uskayaw.
  2755 | D:2      | Found an opulent altar of Gozag.
  2772 | D:2      | Reached skill level 4 in Short Blades
  3139 | D:3      | Noticed Jessica
  3156 | D:3      | Killed Jessica
  3156 | D:3      | Reached XP level 5. HP: 38/45 MP: 5/5
  3226 | D:3      | Found a sparkling altar of Nemelex Xobeh.
  4345 | D:3      | Reached skill level 5 in Short Blades
  4581 | D:4      | HP: 2/45 [orc priest (3)]
  4582 | D:4      | Slain by a howler monkey

Illustrated notes

Levels and vault maps discovered:
D:1:      lightli_arrival_isolated_outpost, layout_rooms
D:2:      layout_basic, lemuel_round_altar, grunt_temple_overflow_open,
          nemelex_spade_bored_becter, uniq_robin
D:3:      wad_crossroads, layout_loops_cross, nemelex_xobeh_ov_fountains_minmay,
          first_ration, uniq_jessica
D:4:      kennysheep_six_static_rooms, layout_rooms,
          nicolae_overflow_crystal_walls, serial_shops, kennysheep_mini_moat

Skill      XL: |  1  2  3  4  5 |
---------------+----------------+-----
Short Blades   | 1 2 3 4 5 |  5.0
Fighting       | |  2.0
Armour         | |  1.0
Stealth        | |  3.0
Summonings     | |  1.0
Ice Magic      | |  4.0

Action                   |  1- 3 |  4- 6 || total
-------------------------+-------+-------++-------
Melee: Dagger            |   241 |   310 ||   551
 Abil: Spit Poison       |     4 |     9 ||    13
  Eat: Chunk             |     3 |     7 ||    10
Armor: Scale mail        |   224 |   134 ||   358
Dodge: Dodged            |   108 |    83 ||   191
